%YAML 1.1
%TAG !u! tag:unity3d.com,2011:
--- !u!1 &8772882347444292911
GameObject:
  m_ObjectHideFlags: 0
  m_CorrespondingSourceObject: {fileID: 0}
  m_PrefabInstance: {fileID: 0}
  m_PrefabAsset: {fileID: 0}
  serializedVersion: 6
  m_Component:
  - component: {fileID: 8772882347444292904}
  - component: {fileID: 8772882347444292907}
  - component: {fileID: 8772882347444292906}
  - component: {fileID: 8772882347444292909}
  - component: {fileID: 8772882347444292908}
  - component: {fileID: 8772882347444292905}
  m_Layer: 3
  m_Name: download
  m_TagString: XULT
  m_Icon: {fileID: 0}
  m_NavMeshLayer: 0
  m_StaticEditorFlags: 0
  m_IsActive: 1
--- !u!4 &8772882347444292904
Transform:
  m_ObjectHideFlags: 0
  m_CorrespondingSourceObject: {fileID: 0}
  m_PrefabInstance: {fileID: 0}
  m_PrefabAsset: {fileID: 0}
  m_GameObject: {fileID: 8772882347444292911}
  m_LocalRotation: {x: 0.13052616, y: 0, z: 0, w: 0.9914449}
  m_LocalPosition: {x: -4.82, y: 0.88, z: 0.912}
  m_LocalScale: {x: 0.2, y: 0.2, z: 5}
  m_Children: []
  m_Father: {fileID: 0}
  m_RootOrder: 0
  m_LocalEulerAnglesHint: {x: 15, y: 0, z: 0}
--- !u!212 &8772882347444292907
SpriteRenderer:
  m_ObjectHideFlags: 0
  m_CorrespondingSourceObject: {fileID: 0}
  m_PrefabInstance: {fileID: 0}
  m_PrefabAsset: {fileID: 0}
  m_GameObject: {fileID: 8772882347444292911}
  m_Enabled: 1
  m_CastShadows: 0
  m_ReceiveShadows: 0
  m_DynamicOccludee: 1
  m_MotionVectors: 1
  m_LightProbeUsage: 1
  m_ReflectionProbeUsage: 1
  m_RayTracingMode: 0
  m_RayTraceProcedural: 0
  m_RenderingLayerMask: 1
  m_RendererPriority: 0
  m_Materials:
  - {fileID: 10754, guid: 0000000000000000f000000000000000, type: 0}
  m_StaticBatchInfo:
    firstSubMesh: 0
    subMeshCount: 0
  m_StaticBatchRoot: {fileID: 0}
  m_ProbeAnchor: {fileID: 0}
  m_LightProbeVolumeOverride: {fileID: 0}
  m_ScaleInLightmap: 1
  m_ReceiveGI: 1
  m_PreserveUVs: 0
  m_IgnoreNormalsForChartDetection: 0
  m_ImportantGI: 0
  m_StitchLightmapSeams: 1
  m_SelectedEditorRenderState: 0
  m_MinimumChartSize: 4
  m_AutoUVMaxDistance: 0.5
  m_AutoUVMaxAngle: 89
  m_LightmapParameters: {fileID: 0}
  m_SortingLayerID: 0
  m_SortingLayer: 0
  m_SortingOrder: 0
  m_Sprite: {fileID: 21300000, guid: 7f72defffc694c241a9f1b2ed5981f56, type: 3}
  m_Color: {r: 1, g: 1, b: 1, a: 1}
  m_FlipX: 0
  m_FlipY: 0
  m_DrawMode: 0
  m_Size: {x: 19.2, y: 10.72}
  m_AdaptiveModeThreshold: 0.5
  m_SpriteTileMode: 0
  m_WasSpriteAssigned: 1
  m_MaskInteraction: 0
  m_SpriteSortPoint: 0
--- !u!65 &8772882347444292906
BoxCollider:
  m_ObjectHideFlags: 0
  m_CorrespondingSourceObject: {fileID: 0}
  m_PrefabInstance: {fileID: 0}
  m_PrefabAsset: {fileID: 0}
  m_GameObject: {fileID: 8772882347444292911}
  m_Material: {fileID: 0}
  m_IsTrigger: 0
  m_Enabled: 1
  serializedVersion: 2
  m_Size: {x: 9.2537365, y: 10.720001, z: 0.042584505}
  m_Center: {x: -0.401859, y: 0.0000000032983154, z: -0.008231045}
--- !u!54 &8772882347444292909
Rigidbody:
  m_ObjectHideFlags: 0
  m_CorrespondingSourceObject: {fileID: 0}
  m_PrefabInstance: {fileID: 0}
  m_PrefabAsset: {fileID: 0}
  m_GameObject: {fileID: 8772882347444292911}
  serializedVersion: 2
  m_Mass: 1
  m_Drag: 0
  m_AngularDrag: 0.05
  m_UseGravity: 1
  m_IsKinematic: 0
  m_Interpolate: 0
  m_Constraints: 0
  m_CollisionDetection: 1
--- !u!114 &8772882347444292908
MonoBehaviour:
  m_ObjectHideFlags: 0
  m_CorrespondingSourceObject: {fileID: 0}
  m_PrefabInstance: {fileID: 0}
  m_PrefabAsset: {fileID: 0}
  m_GameObject: {fileID: 8772882347444292911}
  m_Enabled: 1
  m_EditorHideFlags: 0
  m_Script: {fileID: 11500000, guid: 8f51cd810053a0f4e9566fddf4058992, type: 3}
  m_Name: 
  m_EditorClassIdentifier: 
  displayName: Christian Lundgaard
--- !u!114 &8772882347444292905
MonoBehaviour:
  m_ObjectHideFlags: 0
  m_CorrespondingSourceObject: {fileID: 0}
  m_PrefabInstance: {fileID: 0}
  m_PrefabAsset: {fileID: 0}
  m_GameObject: {fileID: 8772882347444292911}
  m_Enabled: 1
  m_EditorHideFlags: 0
  m_Script: {fileID: 11500000, guid: 826aaa481e2e2c1448e237ad5814cde1, type: 3}
  m_Name: 
  m_EditorClassIdentifier: 
  bio: 'Christian Lundgaard:

    Son of Danish Rally champion, Henrik Lundgaard,
    SMP & Spanish Formula 4 champion, Alpine F1 Academy driver, IndyCar debutant,
    and, at time of making this game, driving for ART in FIA Formula 2.


    I started
    following this guy in Formula 3 in 2019, back when he was one of the only non-Prema
    drivers to win anything. Truth be told, i initially only remembered his name
    because it sounded funny. But, as he moved to F2- and as broadcasting driver
    radio became more normalised- he became my favourite driver of any motorsport.
    A big part of this was his dry, ''deadpan'' humour and degree of eccentrism.

    He
    also has had absolutely atrocious luck in the past 16 months, and it has sort
    of been a running gag in my household that ''my man'' is actually ''my *man*'',
    if that makes any sense.

    ...The problem with pretending to be gay for a
    joke, though, is the same as the one with pretending to be an idiot for a joke...

    "Are
    you, though?"'
